 Dungeon Crawl Stone Soup version 0.29-a0-1033-gb6c65ffae6 (webtiles) character file.

Game seed: 6647445676617860917

301 nicolae the Changer (level 6, -12/52 (57) HPs)
             Began as an Octopode Transmuter on Aug 15, 2022.
             Mangled by a wight
             ... wielding a +3 battleaxe
              (19 damage)
             ... on level 4 of the Dungeon.
             The game lasted 00:05:09 (4476 turns).

nicolae the Changer (Octopode Transmuter)           Turns: 4476, Time: 00:05:10

HP:   -12/52 (57)   AC:  1    Str: 10    XL:     6   Next: 37%
MP:   7/9           EV: 13    Int: 17    God:
Gold: 246           SH:  0    Dex: 18    Spells: 3/9 levels left

rFire   + . .      SeeInvis .   l - +2 dagger (drain)
rCold   . . .      Faith    .   (no shield)
rNeg    . . .      Spirit   .   (helmet currently unavailable)
rPois   .          Reflect  .   (no amulet)
rElec   .          Harm     .   m - +6 ring of dexterity
rCorr   .          Rampage  .   h - ring of protection from fire
Will    .....                   (no ring)
Stlth   ..........              (no ring)
HPRegen 0.17/turn               (no ring)
MPRegen 0.11/turn               (no ring)
                                (no ring)
                                (no ring)

@: berserking, appendages, wereblooded, hasted, drained, very quick
A: tentacle spike 3, almost no armour, amphibious, 8 rings, camouflage 1,
gelatinous body 1, (nimble swimmer 1), tentacles
a: End Transformation


You were on level 4 of the Dungeon.
One of your tentacles had grown a beastly spike.
You visited 1 branch of the dungeon, and saw 4 of its levels.

You collected 246 gold pieces.

Inventory:

Hand Weapons
 l - a +2 dagger of draining (weapon)
Missiles
 e - 10 poisoned darts
Jewellery
 h - a ring of protection from fire (right tentacle)
 m - a +6 ring of dexterity (left tentacle)
Scrolls
 b - 5 scrolls of teleportation
 f - a scroll of enchant weapon {unknown}
 j - a scroll of noise {unknown}
 o - a scroll of acquirement {unknown}
 r - a scroll of poison {unknown}
Potions
 a - a potion of lignification
 d - a potion of heal wounds {unknown}
 i - a potion of curing {unknown}
 q - a potion of might {unknown}


   Skills:
 - Level 1.0 Fighting
 - Level 2.0 Dodging
 - Level 3.0 Unarmed Combat
 - Level 2.0 Spellcasting
 - Level 5.0 Transmutations
 + Level 4.8 Poison Magic


You had 3 spell levels left.
You knew the following spells:

 Your Spells              Type           Power      Damage    Failure   Level
a - Beastly Appendage     Tmut           36%        N/A       2%          1
b - Wereblood             Tmut           18%        N/A       3%          2
c - Spider Form           Tmut/Pois      18%        N/A       8%          3

Your spell library contained the following spells:

 Spells                   Type           Power      Damage    Failure   Level
 Sting                    Tmut/Pois      72%        1d6       2%          1
 Poisonous Vapours        Pois/Air       18%        N/A       11%         2
 Olgreb's Toxic Radiance  Pois           18%        N/A       26%         4
 Ice Form                 Ice/Tmut       10%        N/A       56%         4
 Passage of Golubria      Tloc           1%         N/A       88%         4
 Silence                  Hex/Air        0%         N/A       99%         5
 Lehudib's Crystal Spear  Conj/Erth      0%         10d2      100%        8


Dungeon Overview and Level Annotations

Branches:
Dungeon (4/15)
 Temple: D:4-7

Altars:
Trog


Innate Abilities, Weirdness & Mutations

One of your tentacles has grown a beastly spike.
You cannot wear most types of armour.
You are amphibious.
You can wear up to eight rings at the same time.
Your skin changes colour to match your surroundings (Stealth+).
Your rubbery body absorbs attacks. (AC +1, EV +1)
((You are camouflaged when in or above water. (Stealth+)))
You have tentacles for arms and can constrict up to eight enemies at once.


Message History

The wight barely misses you.
You feel yourself speed up.
You constrict the wight, but do no damage.
The wight barely misses you.
You hit the wight but do no damage.
You squeeze the wight, but do no damage.
The wight is heavily damaged.
You constrict the wight, but do no damage.
You hit the wight but do no damage.
You pierce the wight, but do no damage.
You squeeze the wight.
The wight is heavily damaged.
You constrict the wight. The wight misses you.
You hit the wight.
You pierce the wight, but do no damage.
The wight is severely damaged.
You constrict the wight. The wight closely misses you.
You hit the wight. Your grab misses the wight.
Your tentacle spike misses the wight.
You squeeze the wight, but do no damage.
The wight is lightly damaged.
You constrict the wight. You hit the wight.
You feel a bit better.
You destroy the wight!
You barely miss the wight. You grab the wight.
You pierce the wight!
You squeeze the wight.
The wight is heavily damaged.
You constrict the wight. The wight hits you with a +3 battleaxe.
The wight hits you with a +0 trident!
* * * LOW HITPOINT WARNING * * *
You feel drained.
* * * LOW HITPOINT WARNING * * *
It was a potion of berserk rage.
A red film seems to cover your vision as you go berserk!
You feel yourself moving faster!
You feel mighty!
You constrict the wight, but do no damage.
The wight misses you. The wight completely misses you.
You puncture the wight!
You feel a bit better.
You destroy the wight!
You howl as the wereblood boils in your veins!
The wight hits you with a +3 battleaxe!!
You die...

#...# #...#
#...#
#...######
#........#
#....###.#
+....#.#.#
####.z.##<#.#
#...).@)z.#.#
#
#.#######...#
#. # #.###
#..
.#######z#
#...
zz..z....#
#....
##########
#.....#
.......
.......
.......


You could see 2 wights.

Vanquished Creatures
  A centaur (D:4)
  A scorpion (D:4)
  2 wights (D:4)
  3 gnolls (D:3)
  2 adders (D:3)
  A worm (D:2)
  2 dart slugs
  4 ball pythons
  11 endoplasms
  A giant cockroach (D:2)
  7 goblins
  3 hobgoblins
  5 jackals (D:2)
  A quokka (D:4)
  A frilled lizard (D:1)
  9 kobolds
  5 rats
59 creatures vanquished.

Notes
Turn   | Place    | Note
-------+----------+-------------------------------------------
     0 | D:1      | nicolae the Octopode Transmuter began the quest for the
                  | Orb.
     0 | D:1      | Reached XP level 1. HP: 13/13 MP: 3/3
   446 | D:1      | Reached XP level 2. HP: 3/18 MP: 3/5
   730 | D:1      | Found a faded altar of an unknown god.
   833 | D:1      | Reached skill level 3 in Transmutations
  1083 | D:2      | Learned a level 2 spell: Wereblood
  1176 | D:2      | Reached XP level 3. HP: 7/23 MP: 4/6
  1776 | D:2      | Found a bloodstained altar of Trog.
  2208 | D:2      | Found a bloodstained altar of Trog.
  2461 | D:3      | Reached skill level 4 in Transmutations
  3064 | D:3      | Reached XP level 4. HP: 28/28 MP: 5/7
  3610 | D:3      | Learned a level 3 spell: Spider Form
  3629 | D:4      | Noticed a centaur
  3636 | D:4      | Killed a centaur
  3637 | D:4      | Reached skill level 5 in Transmutations
  3637 | D:4      | Reached XP level 5. HP: 25/33 MP: 8/8
  3866 | D:4      | Reached XP level 6. HP: 29/38 MP: 9/9
  4476 | D:4      | Mangled by a wight

Illustrated notes

Levels and vault maps discovered:
D:1:      dpeg_arrival_rooms_with_view, layout_rooms,
          chequers_ecumenical_altar_twisty, nrook_loot_triangle,
          nicolae_figureground_pulse
D:2:      layout_rooms, basic_altar
D:3:      layout_basic
D:4:      layout_basic

Skill      XL: |  1  2  3  4  5 |
---------------+----------------+-----
Transmutations | 3 4 5 |  5.0
Poison Magic   | 3 4 |  4.8
Fighting       | |  1.0
Dodging        | |  2.0
Unarmed Combat | |  3.0
Spellcasting   | |  2.0

Action                   |  1- 3 |  4- 6 || total
-------------------------+-------+-------++-------
Melee: Unarmed           |    74 |       ||    74
       Constrict         |    22 |    10 ||    32
       Kick              |    30 |    12 ||    42
       Tentacles         |    15 |    12 ||    27
       Dagger            |    18 |    44 ||    62
       Punch             |       |     1 ||     1
Throw: Throwing net      |       |     1 ||     1
 Cast: Beastly Appendage |    22 |     6 ||    28
       Wereblood         |     3 |     2 ||     5
  Use: Scroll            |     1 |     3 ||     4
       Potion            |       |     2 ||     2
 Stab: Sleeping          |     7 |     5 ||    12
Armor: Skin              |     4 |     3 ||     7
Dodge: Dodged            |    42 |    31 ||    73

Table legend: (Time is in decaauts)
 A = Elapsed time spent in this place.
 B = Non-inter-level travel time spent in this place.
 C = Inter-level travel time spent in this place.
 D = Time resting spent in this place.
 E = Time spent auto-exploring this place.
 F = Levels seen in this place.
 G = Mean time per level.
                   A        B        C        D        E       F      G
               +--------+--------+--------+--------+--------+-----+--------+
         Total |   4467 |   4368 |     99 |   1160 |   2705 |   4 | 1116.8 |
       Dungeon |   4467 |   4368 |     99 |   1160 |   2705 |   4 | 1116.8 |
               +--------+--------+--------+--------+--------+-----+--------+

Top non-repeatable levels by time:
     D:2: 1390 daAuts
     D:3: 1352 daAuts
     D:1: 1057 daAuts
     D:4: 667 daAuts
